 Dungeon Crawl Stone Soup version 0.31.0-10-gcf4a605ca0 (webtiles) character file.

Game seed: 11067981155935710112

54 Gadfly the Ruffian (level 3, -1/28 HPs)
             Began as a Draconian Shapeshifter on Jan 26, 2024.
             Slain by Sigmund
             ... wielding a +0 scythe
              (10 damage)
             ... on level 2 of the Dungeon.
             The game lasted 00:01:44 (929 turns).

Gadfly the Ruffian (Draconian Shapeshifter)          Turns: 929, Time: 00:01:44

Health: -1/28      AC:  5    Str: 16    XL:     3   Next: 66%
Magic:  3/3        EV: 12    Int: 10    God:
Gold:   55         SH:  0    Dex: 12    Spells: 2/2 levels left

rFire   . . .        b - +2 dagger (elec)
rCold   . . .        (no shield)
rNeg    . . .        (body armour unavailable)
rPois   .            (helmet currently unavailable)
rElec   .            (cloak currently unavailable)
rCorr   .            (gloves currently unavailable)
SInv    .            (boots currently unavailable)
Will    +....        (no amulet)
Stlth   +            h - ring of willpower
HPRegen 0.24/turn    (no ring)
MPRegen 0.08/turn

%: no passive effects
@: beast-form
A: beast (slay +1), AC +5, unfitting armour, cold-blooded
a: Begin Untransformation


You were on level 2 of the Dungeon.
You were a hulking beast.
You visited 1 branch of the dungeon, and saw 2 of its levels.

You collected 55 gold pieces.

Inventory:

Hand Weapons
 b - a +2 dagger of electrocution (weapon)
 e - a +2 dagger of venom
Jewellery
 h - a ring of willpower (left hand)
Talismans
 c - a flux talisman
 f - a beast talisman
Scrolls
 g - 2 scrolls of teleportation
Potions
 a - a potion of lignification
 d - a potion of enlightenment {unknown}
 i - a potion of haste {unknown}


   Skills:
 + Level 1.5 Fighting
 * Level 2.3 Dodging
 * Level 3.4 Unarmed Combat
 * Level 1.4 Evocations
 * Level 3.3 Shapeshifting


You had 2 spell levels left.
You didn't know any spells.
Your spell library contained the following spells:

 Spells                   Type           Power      Damage    Failure   Level
 Sting                    Conj/Alch      0%         1d3       36%         1
 Call Imp                 Summ           0%         N/A       50%         2
 Mercury Vapours          Alch/Air       0%         N/A       50%         2
 Sublimation of Blood     Necr           0%         N/A       50%         2
 Olgreb's Toxic Radiance  Alch           0%         N/A       98%         4
 Summon Hydra             Summ           0%         N/A       100%        7
 Chain Lightning          Conj/Air       0%         N/A       100%        9
 Fire Storm               Conj/Fire      0%         5d1       100%        9
 Shatter                  Erth           0%         3d5*      100%        9


Dungeon Overview and Level Annotations

Branches:
Dungeon (2/15)

Altars:

Annotations:
D:2 Sigmund


Innate Abilities, Weirdness & Mutations

You are a hulking beast.
Your limbs bulge with bestial killing power. (Slay +1)
Your plain brown scales are hard. (AC +5)
You cannot fit into any form of body armour.
You are cold-blooded and may be slowed by cold attacks.


Message History

You hit Sigmund.
Sigmund is lightly wounded.
You barely miss Sigmund.
Sigmund is lightly wounded.
Sigmund hits you with a +0 scythe!
You are too injured to fight recklessly!
You are too injured to fight recklessly!
You are too injured to fight recklessly!
You are too injured to fight recklessly!
You are too injured to fight recklessly!
You are too injured to fight recklessly!
You are too injured to fight recklessly!
You are too injured to fight recklessly!
You are too injured to fight recklessly!
You are too injured to fight recklessly!
You are too injured to fight recklessly!
You are too injured to fight recklessly!
You are too injured to fight recklessly!
You are too injured to fight recklessly!
You are too injured to fight recklessly!
You are too injured to fight recklessly!
You are too injured to fight recklessly!
Unknown command.
You hit Sigmund.
Sigmund is lightly wounded.
Sigmund casts a spell at you. You resist with almost no effort.
You hit Sigmund.
Your tail-slap misses Sigmund.
Sigmund is moderately wounded.
Sigmund hits you with a +0 scythe.
You closely miss Sigmund.
Your tail-slap misses Sigmund.
Sigmund is moderately wounded.
You hit Sigmund. Your punch misses Sigmund.
Sigmund is moderately wounded.
Sigmund closely misses you.
You closely miss Sigmund.
Your tail-slap misses Sigmund.
Sigmund is moderately wounded.
Sigmund hits you with a +0 scythe!
You die...
Sigmund begins carving another notch in his scythe.

..................### #.####.#
....#..#........#...# #.# #.#
..#.#..#........#.#.######.# #.#
..#.#..#........#.#........####.#
..#<#..#.)......#.###............
..###..#.#.####.#...#............
.. #..#.#.# #.#...#..########.#
## #..#.#.####.#.###..##........
#.#.##...h<....$.#.#####.# ..#
###@#.####.##.#.|..). !......
#.#.###.# #.##.#.### #.#.#.#.# #
#$#.# #.#.#.#.# ...># #.#.#....
#.#.# #.....### #. ## ###.#.# #
#.#.# #


You could see Sigmund.

Vanquished Creatures
  2 adders (D:2)
  A ribbon worm (D:2)
  4 bats
  3 endoplasms
  7 hobgoblins
  2 jackals (D:2)
  2 ball pythons (D:1)
  5 goblins
  4 kobolds
  3 rats
33 creatures vanquished.

Notes
Turn   | Place    | Note
-------+----------+-------------------------------------------
     0 | D:1      | Gadfly the Draconian Shapeshifter began the quest for the
                  | Orb.
     0 | D:1      | Reached XP level 1. HP: 16/16 MP: 1/1
   165 | D:1      | Reached XP level 2. HP: 23/23 MP: 2/2
   514 | D:1      | Found a faded altar of an unknown god.
   632 | D:2      | Reached skill level 1 in Evocations
   632 | D:2      | Reached XP level 3. HP: 27/28 MP: 3/3
   919 | D:2      | Noticed Sigmund
   929 | D:2      | Slain by Sigmund

Illustrated notes

Levels and vault maps discovered:
D:1:      grunt_arrival_crossed_arrows, layout_rooms,
          hellmonk_ecumenical_altar_arch_garden, serial_curves, eino_curves_04,
          eino_curves_02, palyth_stone_intersect
D:2:      layout_basic, minmay_cut_off, uniq_sigmund

Skill      XL: |  1  2 |
---------------+-------+-----
Dodging        | 2 |  2.3
Evocations     | 1 |  1.4
Fighting       | |  1.5
Unarmed Combat | |  3.4
Shapeshifting  | |  3.3

Action                     || total
---------------------------++-------
  Melee: Unarmed           ||    10
         Dagger            ||    75
         Tailslap          ||     8
         Punch             ||     1
    Use: Scroll            ||     3
   Stab: Sleeping          ||     1
 Armour: Skin              ||    41
  Dodge: Dodged            ||    44
